 Dungeon Crawl Stone Soup version 0.31-a0-675-g238779eb0a (webtiles) character file.

Game seed: 12622032621818654653

557 Essalna the Conjurer (level 7, 52/52 HPs)
             Began as a Demonspawn Conjurer on Sept 5, 2023.
             Got out of the dungeon alive.
             The game lasted 00:08:43 (4369 turns).

Essalna the Conjurer (Demonspawn Conjurer)          Turns: 4369, Time: 00:08:43

Health: 52/52      AC:  8    Str:  7    XL:     7   Next: 9%
Magic:  22/22      EV: 12    Int: 22    God:
Gold:   265        SH:  0    Dex: 11    Spells: 11/14 levels left

rFire   . . .        f - +0 short sword
rCold   . . .        (no shield)
rNeg    . . .        a - +0 robe
rPois   .            u - +0 helmet
rElec   .            r - +0 cloak
rCorr   .            (no gloves)
SInv    .            p - +1 pair of boots
Will    +....        (no amulet)
Stlth   ++           z - ring of willpower
HPRegen 0.28/turn    m - ring of magical power
MPRegen 0.18/turn

%: no passive effects
@: no status effects
A: thin metallic scales 1, demonic touch 1
a: no special abilities


You escaped.
You visited 1 branch of the dungeon, and saw 5 of its levels.

You collected 287 gold pieces.
You spent 22 gold pieces at shops.

Inventory:

Hand Weapons
 f - a +0 short sword (weapon)
Armour
 a - a +0 robe (worn)
 p - a +1 pair of boots (worn)
 r - a +0 cloak (worn)
 u - a +0 helmet (worn)
Jewellery
 e - a ring of resist corrosion
 m - a ring of magical power (right hand)
 o - a ring of wizardry
 s - a ring of ice
 z - a ring of willpower (left hand)
Wands
 y - a wand of flame (23)
Scrolls
 c - a scroll of enchant armour {unknown}
 d - 4 scrolls of identify {unknown}
 i - a scroll of amnesia {unknown}
 j - a scroll of silence {unknown}
 l - a scroll of poison {unknown}
 t - a scroll of fear {unknown}
 v - a scroll of enchant weapon {unknown}
 w - a scroll of torment {unknown}
 x - a scroll of teleportation {unknown}
Potions
 b - a potion of magic
 g - 2 potions of degeneration
 h - a potion of heal wounds {unknown}
 k - 2 potions of curing {unknown}
 n - a potion of berserk rage {unknown}
 q - a potion of mutation {unknown}
 A - a potion of resistance {unknown}


   Skills:
 + Level 3.2 Fighting
 - Level 1.7 Dodging
 - Level 1.7 Stealth
 - Level 4.0 Spellcasting
 + Level 6.7 Conjurations


You had 11 spell levels left.
You knew the following spells:

 Your Spells              Type           Power      Damage    Failure   Level
a - Magic Dart            Conj           100%       1d8       1%          1
b - Searing Ray           Conj           68%        2d6       1%          2

Your spell library contained the following spells:

 Spells                   Type           Power      Damage    Failure   Level
 Dazzling Flash           Conj/Hex       38%        N/A       9%          3
 Stone Arrow              Conj/Erth      38%        3d9       9%          3
 Sandblast                Erth           8%         2d5       11%         1
 Passwall                 Tmut/Erth      3%         N/A       17%         2
 Flame Wave               Conj/Fire      19%        2d7       28%         4
 Fulminant Prism          Conj/Hex       9%         3d7       28%         4
 Iskenderun's Mystic Bla  Conj/Tloc      19%        2d6       28%         4
 Sticky Flame             Conj/Fire      19%        2d4       28%         4
 Inner Flame              Hex/Fire       4%         N/A       32%         3


Dungeon Overview and Level Annotations

Branches:
Dungeon (5/15)
 Temple: D:4-7

Altars:
Gozag

Shops:
D:1 !


Innate Abilities, Weirdness & Mutations

You are partially covered in thin metallic scales. (AC +2)
Your touch may inflict minor irresistible damage on your foes.


Message History

(Press . to maintain the ray.)
The searing ray hits the phantom!
The phantom is heavily damaged.
The searing ray hits the phantom!
The phantom is severely damaged.
The phantom hits you but does no damage.
The searing ray hits the phantom!
You destroy the phantom!
You finish channelling your searing ray.
Your Fighting skill increases to level 3!
You have reached level 7!
Your demonic ancestry asserts itself...
Your hands begin to faintly glow with unholy energy.
There is a stone staircase leading up here.
You climb upwards.
There is a stone staircase leading down here.
Magic restored.
The magic dart hits the goblin.
You kill the goblin!
You can't see any susceptible monsters within range! (Use Z to cast anyway.)
You can't see any susceptible monsters within range! (Use Z to cast anyway.)
You can't see any susceptible monsters within range! (Use Z to cast anyway.)
You see here a +0 trident.
There is a stone staircase leading up here.
You climb upwards.
There is a stone staircase leading down here.
Things that are here:
a +0 leather armour; a +0 dagger
There is a stone staircase leading up here.
You climb upwards.
There is a stone staircase leading down here.
Things that are here:
5 stones; a +0 dagger You see here a +0 mace.
There is a stone staircase leading up here.
You climb upwards.
There is a stone staircase leading down here.
There is an open door here.
There is a staircase leading out of the dungeon here.
You have escaped!

....# ####### ....#
....######### #########
......#.....##########.......#
......#.....+#.#.#.#.......#.#
###...#.....#.#.#.#........#.#
###...#......#.#.#.#.........#
..'.........#.#.#.#..####.####
###...#......#.#@#.#.# #.#
#...###.###.#.#.#..# #.# #####
#.##.#.#.#.#.####.#
#..##.#.#.#.......#
#.....######...#### #.#####
#.#.# #########.# #.#.#
..........##########.#.#
#########..........#.#.#


There were no monsters in sight!

Vanquished Creatures
  2 ogres
  A phantom (D:5)
  3 sleepcaps (D:4)
  Jessica (D:2)
  Natasha (thrice) (D:3)
  3 gnolls (D:2)
  An adder (D:2)
  An ufetubus (D:4)
  3 worms (D:2)
  8 orcs
  3 bats
  7 endoplasms
  3 giant cockroaches
  7 goblins
  4 hobgoblins
  3 jackals (D:1)
  13 kobolds
  5 quokkas
  7 ball pythons
  2 frilled lizards
  6 rats
86 creatures vanquished.

Notes
Turn   | Place    | Note
-------+----------+-------------------------------------------
     0 | D:1      | Essalna the Demonspawn Conjurer began the quest for the
                  | Orb.
     0 | D:1      | Reached XP level 1. HP: 13/13 MP: 3/3
   397 | D:1      | Found Afuotei's Distillery.
   405 | D:1      | Bought 2 potions of degeneration for 22 gold pieces
   432 | D:1      | Gained mutation: You are partially covered in thin metallic
                  | scales. (AC +2) [demonic ancestry]
   432 | D:1      | Reached XP level 2. HP: 14/19 MP: 0/5
  1190 | D:1      | Reached XP level 3. HP: 24/24 MP: 2/7
  1369 | D:1      | Learned a level 2 spell: Searing Ray
  1699 | D:2      | Noticed an ogre
  1705 | D:2      | Killed an ogre
  1706 | D:2      | Reached skill level 5 in Conjurations
  1706 | D:2      | Reached XP level 4. HP: 11/30 MP: 8/9
  2143 | D:2      | Reached XP level 5. HP: 35/35 MP: 10/10
  2477 | D:2      | Noticed Jessica
  2482 | D:2      | Killed Jessica
  2848 | D:3      | Found an opulent altar of Gozag.
  3105 | D:3      | Noticed Natasha
  3109 | D:3      | Killed Natasha
  3195 | D:3      | Reached skill level 1 in Fighting
  3319 | D:3      | Noticed Natasha
  3323 | D:3      | Killed Natasha
  3324 | D:3      | Reached XP level 6. HP: 43/43 MP: 12/12
  3410 | D:3      | Noticed Natasha
  3414 | D:3      | Killed Natasha
  3544 | D:4      | Reached skill level 6 in Conjurations
  4086 | D:5      | Entered Level 5 of the Dungeon
  4223 | D:5      | Gained mutation: Your touch may inflict minor irresistible
                  | damage on your foes. [demonic ancestry]
  4223 | D:5      | Reached XP level 7. HP: 52/52 MP: 13/13
  4369 | D:$      | Got out of the dungeon alive.

Illustrated notes

Levels and vault maps discovered:
D:1:      lightli_arrival_chessboard, layout_basic, serial_shops, shop
D:2:      layout_loops_ring, lexackson_kobold_supper, uniq_jessica
D:3:      layout_basic, lemuel_crystal_altar, uniq_natasha
D:4:      layout_rooms, hellmonk_no_cap
D:5:      layout_loops_ring, lemuel_temple_firewalk_b,
          ebering_ghost_reflecting_pool

Skill      XL: |  1  2  3  4  5  6 |
---------------+-------------------+-----
Spellcasting   | 3 4 |  4.0
Conjurations   | 5 6 |  6.7
Fighting       | 1 3 |  3.2
Dodging        | |  1.7
Stealth        | |  1.7

Action                     |  1- 3 |  4- 6 |  7- 9 || total
---------------------------+-------+-------+-------++-------
  Melee: Unarmed           |    21 |       |       ||    21
         Short sword       |    22 |     4 |       ||    26
   Cast: Magic Dart        |    58 |    88 |     1 ||   147
         Searing Ray       |     2 |    15 |       ||    17
 Armour: Robe              |    19 |    19 |       ||    38
  Dodge: Dodged            |    39 |    18 |       ||    57

Table legend: (Time is in decaauts)
 A = Elapsed time spent in this place.
 B = Non-inter-level travel time spent in this place.
 C = Inter-level travel time spent in this place.
 D = Time resting spent in this place.
 E = Time spent auto-exploring this place.
 F = Levels seen in this place.
 G = Mean time per level.
                   A        B        C        D        E       F      G
               +--------+--------+--------+--------+--------+-----+--------+
         Total |   4367 |   4072 |    295 |      0 |   3582 |   5 |  873.4 |
       Dungeon |   4367 |   4072 |    295 |      0 |   3582 |   5 |  873.4 |
               +--------+--------+--------+--------+--------+-----+--------+

Top non-repeatable levels by time:
     D:1: 1454 daAuts
     D:2: 1263 daAuts
     D:3: 845 daAuts
     D:4: 648 daAuts
     D:5: 155 daAuts
